 Dungeon Crawl Stone Soup version 0.31-a0-214-gb37851dbb3 (webtiles) character file.

Game seed: 3084604837339107473

144 qw the Shooter (level 5, -4/32 HPs)
             Began as a Gargoyle Hexslinger on July 1, 2023.
             Slain by a goblin
             ... wielding a +0 club
             ... led by Robin
              (5 damage)
             ... on level 2 of the Dungeon.
             The game lasted 00:00:38 (1366 turns).

qw the Shooter (Gargoyle Hexslinger)                Turns: 1366, Time: 00:00:38

Health: -4/32      AC:  9    Str: 12    XL:     5   Next: 26%
Magic:  6/6        EV: 10    Int: 13    God:
Gold:   116        SH:  0    Dex: 14    Spells: 5/6 levels left

rFire   . . .        Y - +1 sling
rCold   . . .        (no shield)
rNeg    + . .        e - +0 ring mail
rPois   inf          (no helmet)
rElec   +            (no cloak)
rCorr   .            (no gloves)
SInv    .            (no boots)
Will    .....        (no amulet)
Stlth   +            g - +4 ring of slaying {mikee}
HPRegen 0.25/turn    (no ring)
MPRegen 0.10/turn

%: no passive effects
@: no status effects
A: sickness immunity, AC +4, negative energy resistance 1, electricity
resistance, torment resistance 1, petrification resistance
a: no special abilities


You were on level 2 of the Dungeon.
You visited 1 branch of the dungeon, and saw 2 of its levels.

You collected 116 gold pieces.


Innate Abilities, Weirdness & Mutations

You are immune to sickness and miasma.
Your stone body is resilient. (AC +4)
You are immune to poison.
You resist negative energy. (rN+)
You are resistant to electric shocks. (rElec)
You are resistant to unholy torment.
You are immune to petrification.


   Skills:
 - Level 2.9 Fighting
 + Level 4.4 Ranged Weapons
 - Level 1.0 Armour
 - Level 1.5 Dodging
 - Level 1.0 Spellcasting
 - Level 2.6 Hexes


You had 5 spell levels left.
You knew the following spells:

 Your Spells              Type           Power      Damage    Failure   Level
a - Slow                  Hex            28%        N/A       22%         1

Your spell library contained the following spells:

 Spells                   Type           Power      Damage    Failure   Level
 Inner Flame              Hex/Fire       4%         N/A       73%         3
 Portal Projectile        Hex/Tloc       8%         N/A       73%         3
 Cause Fear               Hex            3%         N/A       91%         4

Inventory:

Hand Weapons
 Y - a +1 sling (weapon)
Armour
 e - a +0 ring mail (worn)
Jewellery
 g - a +4 ring of slaying (left hand) {mikee}
Scrolls
 c - a scroll of identify
 j - a scroll of amnesia {unknown}
Potions
 a - a potion of curing
 b - a potion of degeneration {unknown}
 d - 2 potions of lignification {unknown}
 f - a potion of berserk rage {unknown}
 h - a potion of magic {unknown}
 i - a potion of heal wounds {unknown}

Dungeon Overview and Level Annotations

Branches:
Dungeon (2/15)

Altars:


Message History

You shoot a sling bullet. The sling bullet hits Robin.
Robin is heavily wounded.
Robin completely misses you. The goblin hits you with a +0 dagger.
The goblin hits you but does no damage.
You shoot a sling bullet.
The sling bullet hits Robin but does no damage.
Robin is heavily wounded.
Robin barely misses you.
The goblin hits you but does no damage. x2
The goblin closely misses you. The goblin hits you but does no damage.
Robin laughs in a distinctly smug fashion.
You shoot a sling bullet. The sling bullet barely misses Robin.
Robin hits you with a +0 mace. The goblin hits you with a +0 dagger.
The goblin closely misses you.
You shoot a sling bullet. The sling bullet hits Robin.
Robin is severely wounded.
Robin closely misses you. The goblin hits you but does no damage.
The goblin closely misses you.
You shoot a sling bullet. The sling bullet hits Robin.
You kill Robin!
The goblin hits you but does no damage. The goblin hits you with a +0 club.
The goblin barely misses you. The goblin misses you.
The hobgoblin closely misses you.
You shoot a sling bullet. The sling bullet hits the hobgoblin.
The hobgoblin is moderately wounded.
The goblin hits you with a +0 club.
The hobgoblin hits you but does no damage.
The goblin hits you but does no damage.
You shoot a sling bullet. The sling bullet hits the hobgoblin.
You kill the hobgoblin!
The goblin barely misses you. The goblin hits you with a +0 club.
You shoot a sling bullet. The sling bullet hits the goblin.
You kill the goblin!
The goblin hits you but does no damage. x3; The goblin closely misses you.
You shoot a sling bullet. The sling bullet misses the goblin.
The goblin no longer looks unusually strong.
The goblin hits you with a +0 dagger. The goblin hits you but does no damage.
You shoot a sling bullet.
The sling bullet barely misses the goblin.
The goblin hits you with a +0 dagger. The goblin hits you with a +0 club.
You die...

..#.... ..#..). ## .......
.# ...).. .# ....# .# .)..#
## ####)...# #.g@g...#
#.####### #.# #.# #.# #.#
### #.# .
..############.#######+##..
................../...>....


You could see 2 goblins.

Vanquished Creatures
  Natasha (thrice) (D:2)
  Robin (D:2)
  An adder (D:2)
  A dart slug (D:1)
  2 bats
  4 endoplasms
  3 giant cockroaches
  7 goblins
  7 hobgoblins
  3 kobolds (D:1)
  4 quokkas
  2 ball pythons (D:1)
  A frilled lizard (D:1)
  6 rats
45 creatures vanquished.

Notes
Turn   | Place    | Note
-------+----------+-------------------------------------------
     0 | D:1      | qw the Gargoyle Hexslinger began the quest for the Orb.
     0 | D:1      | Reached XP level 1. HP: 12/12 MP: 2/2
     0 | D:1      | 0 ||| qw: Version: 0.3-a-32-g5962c71
     0 | D:1      | 0 ||| qw: Game counter: 7548
     0 | D:1      | 0 ||| qw: Melee chars always use a shield: true
     0 | D:1      | 0 ||| qw: God list: Okawaru
     0 | D:1      | 0 ||| qw: Allow faded altars: false
     0 | D:1      | 0 ||| qw: Do Orc after clearing Dungeon:15 true
     0 | D:1      | 0 ||| qw: Do second Lair branch before Depths: true
     0 | D:1      | 0 ||| qw: Lair rune preference: random
     0 | D:1      | 0 ||| qw: Goals: Normal
     0 | D:1      | 0 ||| PLANNING D:1-11
   172 | D:1      | Reached XP level 2. HP: 16/16 MP: 3/3
   314 | D:1      | Reached skill level 3 in Ranged Weapons
   326 | D:1      | HP: 3/16 [endoplasm (3)]
   727 | D:1      | 727 ||| UPGRADING to +0 ring mail.
   737 | D:1      | 737 ||| DROPPING +0 robe.
   738 | D:1      | 738 ||| UPGRADING to +4 ring of slaying {mikee}.
   739 | D:1      | 739 ||| READING scroll labelled DUSMIRIVIM.
   740 | D:1      | 740 ||| READING scroll labelled WORIZY WOUGOS.
   741 | D:1      | 741 ||| READING scroll labelled JIETITZ EJURE.
   742 | D:1      | 742 ||| READING scroll labelled LENAOS WOEXE.
   743 | D:1      | 743 ||| READING scroll labelled QECHA HOTI.
   748 | D:1      | 748 ||| DROPPING scroll of poison.
   791 | D:2      | Noticed Natasha
   796 | D:2      | Killed Natasha
   797 | D:2      | Reached XP level 3. HP: 13/22 MP: 4/4
   917 | D:2      | Reached XP level 4. HP: 23/27 MP: 5/5
   946 | D:2      | Noticed Natasha
   949 | D:2      | 949 ||| FLEEEEING.
   950 | D:2      | 950 ||| FLEEEEING.
   957 | D:2      | 957 ||| FLEEEEING.
   958 | D:2      | 958 ||| FLEEEEING.
   959 | D:2      | 959 ||| FLEEEEING.
   960 | D:2      | 960 ||| FLEEEEING.
   966 | D:2      | 966 ||| STAIRDANCE
   982 | D:1      | 982 ||| DRINKING 2 fuming white potions.
   987 | D:2      | Killed Natasha
  1067 | D:2      | Noticed Natasha
  1073 | D:2      | Killed Natasha
  1074 | D:2      | Reached skill level 4 in Ranged Weapons
  1074 | D:2      | Reached XP level 5. HP: 27/32 MP: 6/6
  1116 | D:2      | Found a faded altar of an unknown god.
  1342 | D:2      | Noticed Robin
  1349 | D:2      | Reached skill level 1 in Armour
  1361 | D:2      | Killed Robin
  1363 | D:2      | HP: 5/32 [goblin/+0 club[Robin] (6)]
  1366 | D:2      | HP: 1/32 [goblin/+0 dagger[Robin] (3)]
  1366 | D:2      | Slain by a goblin

Levels and vault maps discovered:
D:1:      nicolae_arrival_washed_ashore, layout_basic,
          kennysheep_decorative_pillar, minmay_tetromino_l4
D:2:      layout_basic, chequers_ecumenical_altar_simple, uniq_natasha,
          uniq_robin

Skill      XL: |  1  2  3  4  5 |
---------------+----------------+-----
Ranged Weapons | 3 4 |  4.4
Fighting       | 2 |  2.9
Armour         | 1 |  1.0
Dodging        | |  1.5
Spellcasting   | |  1.0
Hexes          | |  2.6

Action                     |  1- 3 |  4- 6 || total
---------------------------+-------+-------++-------
   Fire: Sling             |    77 |    60 ||   137
    Use: Scroll            |     5 |       ||     5
         Potion            |       |     1 ||     1
 Armour: Robe              |    10 |       ||    10
         Ring mail         |     3 |    26 ||    29
  Dodge: Dodged            |    29 |    39 ||    68

Table legend:
 A = Non-vault XP
 B = Vault XP
 C = Vault XP percentage of total XP
 D = Non-vault monster count
 E = Vault monster count
 F = Vault count percentage of total count
                 A         B        C        D         E       F
            +---------+---------+-------+---------+---------+-------
      Total |     133 |      73 |  35.4 |      31 |      14 |  31.1
            +---------+---------+-------+---------+---------+-------
        D:1 |      27 |       6 |  18.2 |      16 |       3 |  15.8
        D:2 |     106 |      67 |  38.7 |      15 |      11 |  42.3
            +---------+---------+-------+---------+---------+-------
